 Dungeon Crawl Stone Soup version 0.20-a0-303-g575bbf7 (webtiles) character file.

53 Goblin1989 the Slasher (level 3, -3/29 HPs)
             Began as a Demonspawn Monk on Dec 16, 2016.
             Slain by a gnoll
             ... wielding a +0 halberd
              (8 damage)
             ... on level 2 of the Dungeon.
             The game lasted 00:04:54 (1273 turns).

Goblin1989 the Slasher (Demonspawn Monk)            Turns: 1273, Time: 00:04:55

Health: -3/29      AC: 11    Str: 10    XL:     3   Next: 64%
Magic:  3/3        EV:  2    Int: 11    God:
Gold:   64         SH:  0    Dex: 15    Spells: 2/2 levels left

rFire  . . .     SeeInvis .     a - +0 falchion
rCold  . . .     Gourm    .     i - +0 plate armour (curse)
rNeg   . . .     Faith    .     (no shield)
rPois  .         Spirit   .     (no helmet)
rElec  +         Reflect  .     (no cloak)
rCorr  .         Harm     .     f - +0 pair of gloves (curse)
MR     .....                    (no boots)
Stlth  ..........               (no amulet)
                                (no ring)
                                (no ring)

@: no status effects
A: hooves 1, nightstalker 1, electricity resistance, weak 1
a: no special abilities


You were on level 2 of the Dungeon.
You were not hungry.

You visited 1 branch of the dungeon, and saw 2 of its levels.

You collected 64 gold pieces.

Inventory:

Hand Weapons
 a - a +0 falchion (weapon)
Armour
 b - a +0 robe
 f - a cursed +0 pair of gloves (worn)
 i - a cursed +0 plate armour (worn)
 k - a +0 ring mail
Jewellery
 g - an uncursed ring of stealth {unknown}
Scrolls
 d - a scroll of amnesia {unknown}
 h - a scroll of immolation {unknown}
 j - a scroll of noise {unknown}
Comestibles
 c - a bread ration {@e1}


   Skills:
 + Level 3.0 Fighting
 * Level 4.0 Long Blades
 + Level 1.0 Armour
 - Level 2.6 Dodging
 - Level 1.7 Stealth


You had 2 spell levels left.
You didn't know any spells.

Dungeon Overview and Level Annotations

Branches:
Dungeon (2/15)

Altars:


Innate Abilities, Weirdness & Mutations

You have large cloven feet.
You are slightly more attuned to the shadows.
You are resistant to electric shocks. (rElec)
You are weak. (Str -2)


Message History

You are too injured to fight recklessly!
You are too injured to fight recklessly!
Unknown command.
The gnoll shouts!
The gnoll completely misses you.
You see here a jackal corpse.
You hit the gnoll. Your kick misses the gnoll.
The gnoll is lightly wounded.
You hit the gnoll.
The gnoll is moderately wounded.
The gnoll hits you but does no damage.
You hit the gnoll. You kick the gnoll, but do no damage.
The gnoll is severely wounded.
The gnoll hits you with a halberd!
* * * LOW HITPOINT WARNING * * *
You take 7 damage, and have 5/29 hp.
MASSIVE DAMAGE!!
You barely miss the gnoll. You kick the gnoll, but do no damage.
The gnoll is severely wounded.
The gnoll hits you with a halberd!
You die...

███ █.. █
██████.████████.█
█.....gghhrg@...█
.████h████████.█ █.█
█████.█.██
█.████████...█.█...
█............█.█...
█............█....
█r█████......█...██████
.......█
█.....█.█...██...
.████hh█
█.█████.█...██.████


You could see 3 gnolls, 3 jackals and a rat.

Vanquished Creatures
  2 adders
  A ball python (D:1)
  3 giant cockroaches
  4 goblins (D:1)
  5 hobgoblins
  5 jackals (D:2)
  A bat (D:1)
  2 frilled lizards (D:2)
  7 kobolds
  3 rats (D:1)
33 creatures vanquished.

Notes
Turn   | Place    | Note
-------+----------+-------------------------------------------
     0 | D:1      | Goblin1989 the Demonspawn Monk began the quest for the Orb.
     0 | D:1      | Reached XP level 1. HP: 18/18 MP: 1/1
    37 | D:1      | Reached skill level 3 in Long Blades
   198 | D:1      | Gained mutation: You are slightly more attuned to the shadows. [demonic ancestry]
   198 | D:1      | Reached XP level 2. HP: 14/24 MP: 2/2
   615 | D:1      | Gained mutation: You have large cloven feet. [demonic ancestry]
   615 | D:1      | Reached XP level 3. HP: 29/29 MP: 3/3
   950 | D:2      | Gained mutation: You are weak. (Str -2) [potion of mutation]
   950 | D:2      | Gained mutation: You are resistant to electric shocks. (rElec) [potion of mutation]
   953 | D:2      | Reached skill level 4 in Long Blades
  1265 | D:2      | Reached skill level 1 in Armour
  1273 | D:2      | Slain by a gnoll

Vault maps used:
D:1:      dpeg_arrival_rooms_with_view
D:2:      minmay_lizard_pond, uniq_sigmund

Skill      XL: |  1  2  3 |
---------------+----------+-----
Long Blades    | 3 4 |  4.0
Armour         | 1 |  1.0
Fighting       | |  3.0
Dodging        | |  2.6
Stealth        | |  1.7

Action                   || total
-------------------------++-------
Melee: Falchion          ||   120
       Kick              ||    12
  Use: Potion            ||     2
 Stab: Sleeping          ||     3
       Distracted        ||     1
  Eat: Chunk             ||     1
Armor: Robe              ||     5
       Plate armour      ||    88
Dodge: Dodged            ||    28
       Rpst.: Falchion   ||    10

Vault maps used:
D:1:      dpeg_arrival_rooms_with_view
D:2:      minmay_lizard_pond, uniq_sigmund
